 Dungeon Crawl Stone Soup version 0.30.1-4-g462c640d31 (webtiles) character file.

Game seed: 8613382464489023752

536 spardeous the Conjurer (level 6, -7/45 HPs)
             Began as a Demigod Conjurer on Aug 12, 2023.
             Mangled by Edmund
             ... wielding a +2 dire flail of protection
              (12 damage)
             ... on level 6 of the Dungeon.
             The game lasted 00:03:36 (3390 turns).

spardeous the Conjurer (Demigod Conjurer)           Turns: 3390, Time: 00:03:37

Health: -7/45      AC:  6    Str: 12    XL:     6   Next: 74%
Magic:  0/15       EV: 11    Int: 24    God:
Gold:   55         SH:  0    Dex: 12    Spells: 6/13 levels left

rFire   . . .        s - +3 war axe
rCold   . . .        (no shield)
rNeg    . . .        f - +0 leather armour
rPois   .            (no helmet)
rElec   .            j - +1 cloak
rCorr   .            (no gloves)
SInv    .            i - +0 pair of boots
Will    .....        (no amulet)
Stlth   ++           (no ring)
HPRegen 0.27/turn    (no ring)
MPRegen 0.14/turn

%: no passive effects
@: no status effects
A: high MP 1, forlorn, divine attributes
a: no special abilities


You were on level 6 of the Dungeon.
You visited 1 branch of the dungeon, and saw 4 of its levels.

You collected 55 gold pieces.

Inventory:

Hand Weapons
 e - a +3 whip
 s - a +3 war axe (weapon)
Armour
 a - a +0 robe
 f - a +0 leather armour (worn)
 i - a +0 pair of boots (worn)
 j - a +1 cloak (worn)
Jewellery
 n - a ring of ice
Scrolls
 c - a scroll of teleportation {unknown}
 d - a scroll of poison {unknown}
 h - a scroll of fog {unknown}
 k - a scroll of torment {unknown}
 q - a scroll of enchant armour {unknown}
 r - a scroll of identify {unknown}
Potions
 b - a potion of magic
 g - 4 potions of heal wounds {unknown}
 l - a potion of might {unknown}
 m - a potion of mutation {unknown}
 o - a potion of lignification {unknown}
 p - a potion of curing {unknown}


   Skills:
 - Level 1.7 Dodging
 - Level 1.7 Stealth
 - Level 4.0 Spellcasting
 + Level 6.6 Conjurations


You had 6 spell levels left.
You knew the following spells:

 Your Spells              Type           Power      Damage    Failure   Level
a - Magic Dart            Conj           100%       1d8       1%          1
b - Searing Ray           Conj           72%        2d7       1%          2
c - Iskenderun's Mystic   Conj/Tloc      20%        2d6       30%         4

Your spell library contained the following spells:

 Spells                   Type           Power      Damage    Failure   Level
 Dazzling Flash           Conj/Hex       40%        N/A       10%         3
 Sting                    Tmut/Pois      16%        1d3       12%         1
 Poisonous Vapours        Pois/Air       8%         N/A       19%         2
 Fulminant Prism          Conj/Hex       10%        3d8       30%         4
 Olgreb's Toxic Radiance  Pois           4%         N/A       77%         4
 Simulacrum               Ice/Necr       2%         N/A       100%        6
 Ozocubu's Refrigeration  Ice            2%         4d7       100%        7
 Polar Vortex             Ice            2%         N/A       100%        9


Dungeon Overview and Level Annotations

Branches:
Dungeon (3/15)             Temple (0/1) D:6

Shops:
D:2 (*:   D:6 =

Annotations:
D:6 Edmund


Innate Abilities, Weirdness & Mutations

You have an increased reservoir of magic. (+10% MP)
You shall have no god before yourself.
Your divine heritage dramatically boosts your attributes as you level up.


Message History

You take 12 damage, and have 24/45 hp.
MASSIVE DAMAGE!!
You now have 3/15 mp.
The searing ray misses Edmund.
Edmund closely misses you.
You now have 2/15 mp.
The searing ray hits Edmund.
Edmund is almost dead.
Edmund barely misses you.
You now have 1/15 mp.
The searing ray misses Edmund.
You finish channelling your searing ray.
Edmund hits you but does no damage.
You now have 0/15 mp.
You hit Edmund but do no damage. Your punch misses Edmund.
Edmund is almost dead.
Edmund hits you with a +2 dire flail of protection!
* * * LOW HITPOINT WARNING * * *
You take 11 damage, and have 14/45 hp.
MASSIVE DAMAGE!!
You barely miss Edmund.
Edmund is almost dead.
Edmund barely misses you. x2
Unknown command.
You closely miss Edmund.
Edmund is almost dead.
Edmund says, "A flail is better than a scythe, any day of the week!"
Edmund closely misses you.
You barely miss Edmund.
Edmund is almost dead.
Edmund hits you with a +2 dire flail of protection.
* * * LOW HITPOINT WARNING * * *
Edmund hits you with a +2 dire flail of protection.
* * * LOW HITPOINT WARNING * * *
You take 11 damage, and have 4/45 hp.
MASSIVE DAMAGE!!
Casting: Searing Ray (safe; 1% risk of failure)
Confirm with . or Enter, or press ? or * to list all spells.
Aiming: Magic Dart (safe; 1% risk of failure)
Press: ? - help, Shift-Dir - straight line, f/p - Edmund
Aim: Edmund, wielding a +2 dire flail of protection and wearing a +0 chain mail of fire resistance (almost dead, 100% to hit)
The magic dart hits Edmund but does no damage.
Edmund is almost dead.
Edmund hits you with a +2 dire flail of protection!
You die...

#.######.## ##.######
#.......## ##.#
.######.######.# ##.##
.............##.###.##
.######.####.# #.#.##
#.# #.# #.##
##########.# #.# #.#
..~~~......####.####.#
.~§§~~.##.))@@.).....#
~~§§§~~ #.#####)######
§§~>~§~ #.# #.#
############ ~~~o~~§
#.# #.###...........
.~§~~~. #.#
#.....##########
..§~o.. #.# #######
.....## #.# #.


You could see Edmund.

Vanquished Creatures
  Sigmund (D:2)
  An ice beast (D:6)
  2 orc priests
  A gnoll bouda (D:6)
  Jessica (D:2)
  An orc wizard (D:6)
  5 gnolls (D:6)
  4 adders
  A white imp (D:6)
  2 worms
  A dart slug (D:1)
  5 orcs
  5 ball pythons
  4 endoplasms
  3 goblins
  7 hobgoblins
  3 jackals (D:2)
  A kobold (D:1)
  2 quokkas (D:1)
  A bat (D:2)
  A frilled lizard (D:2)
  11 rats (D:1)
63 creatures vanquished.

Notes
Turn   | Place    | Note
-------+----------+-------------------------------------------
     0 | D:1      | spardeous the Demigod Conjurer began the quest for the Orb.
     0 | D:1      | Reached XP level 1. HP: 14/14 MP: 5/5
   262 | D:1      | Reached XP level 2. HP: 20/20 MP: 2/7
   614 | D:1      | Reached skill level 4 in Conjurations
  1309 | D:2      | Found Naomn's Distillery.
  1343 | D:1      | Learned a level 2 spell: Searing Ray
  1435 | D:1      | Reached XP level 3. HP: 26/26 MP: 1/9
  1521 | D:2      | Found Sianlah's Assorted Antiques.
  1565 | D:2      | Found Kujazas's Weapon Shop.
  2104 | D:2      | Noticed Sigmund
  2125 | D:2      | Killed Sigmund
  2126 | D:2      | Reached skill level 5 in Conjurations
  2126 | D:2      | Reached XP level 4. HP: 10/33 MP: 3/12
  2126 | D:2      | Reached XP level 5. HP: 12/38 MP: 3/13
  2390 | D:2      | Found Kunginwu's Book Emporium.
  2752 | D:2      | Noticed Jessica
  2755 | D:2      | Killed Jessica
  2887 | D:3      | You fall into a shaft and drop 3 floors!
  2974 | D:6      | Found Qoghinunt's Jewellery Shop.
  2985 | D:6      | Reached XP level 6. HP: 45/45 MP: 7/15
  3187 | D:6      | Reached skill level 6 in Conjurations
  3195 | D:6      | Learned a level 4 spell: Iskenderun's Mystic Blast
  3272 | D:6      | Found a staircase to the Ecumenical Temple.
  3366 | D:6      | Noticed Edmund
  3390 | D:6      | Mangled by Edmund

Illustrated notes

Levels and vault maps discovered:
D:1:      mrwooster_arrival_statue_3, layout_basic, minmay_rat_gold_closets
D:2:      layout_basic, dreamdust_ecumenical_altar_statues, serial_shops, shop,
          nicolae_shop_advertising_works [nicolae_subvault_shop_adworks], shop,
          nicolae_shop_hallway_stairs, uniq_jessica, uniq_sigmund
D:3:      layout_basic, ebering_ghost_reflecting_pool, grunt_decor_fettered,
          chequers_serial_rivers_micro_d
D:6:      layout_loops_ring, kennysheep_little_box, nicolae_vehumet_altar_sigil,
          minmay_temple_entry_mist, serial_shops, shop, uniq_edmund, uniq_maggie

Skill      XL: |  1  2  3  4  5  6 |
---------------+-------------------+-----
Spellcasting   | 2 3 4 |  4.0
Conjurations   | 4 5 6 |  6.6
Dodging        | |  1.7
Stealth        | |  1.7

Action                     |  1- 3 |  4- 6 || total
---------------------------+-------+-------++-------
  Melee: Whip              |     1 |     4 ||     5
         War axe           |       |     4 ||     4
   Cast: Magic Dart        |    87 |    43 ||   130
         Searing Ray       |     5 |    11 ||    16
 Armour: Leather armour    |     3 |     6 ||     9
  Dodge: Dodged            |     8 |    22 ||    30
